 Dungeon Crawl Stone Soup version 0.23.0 (webtiles) character file.

Game seed: 16971963948064888786

137 IcyTea the Shooter (level 5, -3/28 HPs)
             Began as a Tengu Wanderer on Feb 10, 2019.
             Killed by nerve-wracking pain
             ... invoked by Grinder
              (8 damage)
             ... on level 3 of the Dungeon.
             The game lasted 00:12:54 (2691 turns).

IcyTea the Shooter (Tengu Wanderer)                 Turns: 2691, Time: 00:12:55

Health: -3/28      AC:  8    Str: 13    XL:     5   Next: 20%
Magic:  5/7        EV:  8    Int: 18    God:
Gold:   108        SH:  0    Dex: 13    Spells: 2/6 levels left

rFire    . . .     SeeInvis .   b - +0 short sword (freeze)
rCold    . . .     Gourm    .   (no shield)
rNeg     . . .     Faith    .   c - +2 scale mail
rPois    .         Spirit   .   (helmet restricted)
rElec    .         Reflect  .   (no cloak)
rCorr    .         Harm     .   (no gloves)
MR       .....                  (boots unavailable)
Stlth    ..........             (no amulet)
HPRegen  0.09/turn              g - -2 ring of evasion (curse)
MPRegen  0.10/turn              (no ring)

@: brilliant, flying quickly and evasively, quick
A: beak, talons 3, able to fly
a: Stop Flying


You were on level 3 of the Dungeon.
You were not hungry.

You visited 1 branch of the dungeon, and saw 3 of its levels.

You collected 108 gold pieces.

Inventory:

Hand Weapons
 a - a +0 shortbow
 b - a +0 short sword of freezing (weapon)
Missiles
 d - 23 arrows
Armour
 c - a +2 scale mail (worn)
Jewellery
 g - a cursed -2 ring of evasion (left hand)
Scrolls
 e - a scroll of random uselessness {unknown}
 k - a scroll of teleportation {unknown}
Potions
 h - a potion of brilliance
 i - a potion of resistance {unknown}
 l - a potion of mutation {unknown}
 m - a potion of might {unknown}
Comestibles
 f - a ration


   Skills:
 + Level 5.4 Bows
 - Level 1.0 Throwing
 - Level 2.1 Armour
 - Level 1.0 Stealth
 - Level 1.2 Spellcasting
 - Level 3.0 Conjurations
 - Level 2.1 Fire Magic


You had 2 spell levels left.
You knew the following spells:

 Your Spells              Type           Power        Failure   Level  Hunger
a - Flame Tongue          Conj/Fire      ###..        3%          1    ##.....
b - Conjure Flame         Conj/Fire      ###.....     11%         3    ####...

Your spell library contained the following spells:

 Spells                   Type           Power        Failure   Level  Hunger


Dungeon Overview and Level Annotations

Branches:
Dungeon (3/15)

Altars:
Xom
Yredelemnul

Annotations:
D:3 Grinder


Innate Abilities, Weirdness & Mutations

You have a beak for a mouth.
You have claws for feet.
You can fly continuously.


Message History

The floor.
Casting: Flame Tongue (safe; 3% risk of failure)
Confirm with . or Enter, or press ? or * to list all spells.
Aiming: Flame Tongue (safe; 3% risk of failure)
Press: ? - help, Shift-Dir - straight line, f/p - Grinder
Aim: Grinder (severely wounded)
The flame tongue hits Grinder.
Grinder is severely wounded.
Grinder hits you.
* * * LOW HITPOINT WARNING * * *
Casting: Flame Tongue (safe; 3% risk of failure)
Confirm with . or Enter, or press ? or * to list all spells.
Aiming: Flame Tongue (safe; 3% risk of failure)
Press: ? - help, Shift-Dir - straight line, f/p - Grinder
Aim: Grinder (severely wounded)
The flame tongue hits Grinder!
Grinder is almost dead.
Grinder gestures at you. Pain shoots through your body!
You die...

#.#.......#
..######.#######.#
.............#.#
............<..#
##.........###.#
..............>#
########.#####.#
#.########.(
#...@5g(.(((
##########..


You could see Grinder and a goblin.

Vanquished Creatures
  5 gnolls (D:2)
  2 adders (D:2)
  A worm (D:3)
  2 dart slugs
  A leopard gecko (D:2)
  6 orcs (D:3)
  3 giant cockroaches
  7 goblins
  5 hobgoblins
  6 jackals
  4 kobolds
  6 bats
  3 frilled lizards
  5 rats
56 creatures vanquished.

Notes
Turn   | Place    | Note
-------+----------+-------------------------------------------
     0 | D:1      | IcyTea the Tengu Wanderer began the quest for the Orb.
     0 | D:1      | IcyTea set off with the following items: a +2 scale mail, a
                  | +0 shortbow, 25 arrows, a ration; and the following spell
                  | memorised: Flame Tongue; and the following spells available
                  | to memorise: Conjure Flame
     0 | D:1      | Reached XP level 1. HP: 10/10 MP: 2/2
   166 | D:1      | Reached XP level 2. HP: 15/15 MP: 3/3
   624 | D:1      | Reached XP level 3. HP: 17/19 MP: 2/4
   682 | D:1      | Found a shimmering altar of Xom.
   684 | D:1      | Found a basalt altar of Yredelemnul.
   684 | D:1      | Found an ancient bone altar of Kikubaaqudgha.
   686 | D:1      | Found a stormy altar of Qazlal.
   686 | D:1      | Found a hazy altar of Hepliaklqana.
   686 | D:1      | Found a stormy altar of Qazlal.
  1029 | D:2      | Found a basalt altar of Yredelemnul.
  1047 | D:2      | Reached skill level 1 in Spellcasting
  1196 | D:2      | Reached skill level 4 in Bows
  1452 | D:2      | Reached XP level 4. HP: 24/24 MP: 6/6
  1556 | D:2      | HP: 1/24 [gnoll/+0 spear (6)]
  2020 | D:2      | Reached skill level 5 in Bows
  2231 | D:2      | Gained mutation: You can fly continuously. [Tengu growth]
  2231 | D:2      | Reached XP level 5. HP: 27/28 MP: 7/7
  2587 | D:3      | Learned a level 3 spell: Conjure Flame
  2670 | D:3      | Noticed Grinder
  2682 | D:3      | Paralysed by Grinder for 7 turns
  2691 | D:3      | Killed from afar by Grinder

Skill      XL: |  1  2  3  4 |
---------------+-------------+-----
Conjurations   | 2 3 |  3.0
Spellcasting   | 1 |  1.2
Bows           | 4 5 |  5.4
Throwing       | |  1.0
Armour         | |  2.1
Stealth        | |  1.0
Fire Magic     | |  2.1

Action                   |  1- 3 |  4- 6 || total
-------------------------+-------+-------++-------
Melee: Club              |    67 |     7 ||    74
       Kick              |    13 |     3 ||    16
       Peck              |     8 |     1 ||     9
       Short sword       |       |     7 ||     7
 Fire: Shortbow          |    52 |    83 ||   135
 Cast: Flame Tongue      |     2 |     2 ||     4
 Abil: Fly               |       |     1 ||     1
  Use: Scroll            |     2 |     1 ||     3
       Potion            |       |     1 ||     1
  Eat: Chunk             |     2 |     4 ||     6
Armor: Scale mail        |    51 |    26 ||    77
Dodge: Dodged            |    47 |    20 ||    67
